 Dungeon Crawl Stone Soup version 0.30.1-1-g62c8e00024 (webtiles) character file.

Game seed: 15576862142814050841

417 cheesebisquit the Chopper (level 6, -1/56 HPs)
             Began as a Hill Orc Monk on July 15, 2023.
             Slain by an iguana (12 damage)
             ... on level 4 of the Dungeon.
             The game lasted 00:08:44 (3417 turns).

cheesebisquit the Chopper (Hill Orc Monk)           Turns: 3417, Time: 00:08:45

Health: -1/56      AC: 10    Str: 16    XL:     6   Next: 93%
Magic:  6/6        EV:  8    Int: 10    God:
Gold:   142        SH:  0    Dex: 13    Spells: 5/5 levels left

rFire   . . .        a - +0 hand axe
rCold   . . .        d - orb {light}
rNeg    . . .        y - +0 chain mail
rPois   .            (no helmet)
rElec   .            l - scarf {harm}
rCorr   .            r - +0 pair of gloves
SInv    +            (no boots)
Will    .....        (no amulet) Stlth
                     j - ring of see invisible
HPRegen 0.29/turn    (no ring)
MPRegen 0.10/turn

%: harm (+30% outgoing, +20% incoming)
@: glowing
A: no striking features
a: no special abilities


You were on level 4 of the Dungeon.
You visited 2 branches of the dungeon, and saw 5 of its levels.

You collected 142 gold pieces.

Inventory:

Hand Weapons
 a - a +0 hand axe (weapon)
 w - a +1 flail of protection
Missiles
 e - 2 boomerangs (quivered)
 u - 6 poisoned darts
Armour
 d - an orb of light (worn)
 l - a scarf of harm (worn)
 r - a +0 pair of gloves (worn)
 s - a +0 cloak
 y - a +0 chain mail (worn)
Jewellery
 j - a ring of see invisible (left hand)
Wands
 p - a wand of mindburst (13)
 z - a wand of roots (8)
Scrolls
 b - a scroll of enchant weapon {unknown}
 k - 2 scrolls of magic mapping {unknown}
 m - a scroll of teleportation {unknown}
 n - 2 scrolls of poison
 t - a scroll of vulnerability {unknown}
 v - a scroll of silence {unknown}
Potions
 c - a potion of ambrosia
 f - a potion of curing
 g - 3 potions of mutation
 h - a potion of flight
 i - 2 potions of lignification
 o - a potion of invisibility
 q - a potion of brilliance {unknown}
 x - a potion of might {unknown}


   Skills:
 + Level 5.4 Fighting
 * Level 7.6 Axes
 + Level 3.4 Armour
 - Level 2.4 Dodging


You had 5 spell levels left.
You didn't know any spells.
Your spell library contained the following spells:

 Spells                   Type           Power      Damage    Failure   Level
 Apportation              Tloc           0%         N/A       99%         1
 Necrotise                Necr           0%         1d4       99%         1
 Summon Small Mammal      Summ           0%         N/A       99%         1


Dungeon Overview and Level Annotations

Branches:
Dungeon (4/15)             Temple (1/1) D:4

Altars:
Ashenzari
Cheibriados
Dithmenos
Elyvilon
Fedhas
Gozag
Hepliaklqana
Kikubaaqudgha
Makhleb
Nemelex Xobeh
Okawaru
Qazlal
Ru
Sif Muna
Trog
Vehumet
Wu Jian
Xom
Yredelemnul
Zin


Message History

Done exploring.
Done exploring.
There is a staircase back to the Dungeon here.
You climb upwards.
Welcome back to the Dungeon!
There is a staircase to the Ecumenical Temple here.
You now have 142 gold pieces (gained 11).
Found a sacrificial altar of Ru.
Found an escape hatch in the floor.
Found a ring mail.
Found two stone staircases leading down. 2 iguanas come into view.
Found 13 gold pieces.
The iguana hisses angrily.
The iguana bites you!
You barely miss the iguana. You hit the iguana but do no damage.
The iguana bites you.
The iguana bites you but does no damage.
You hit the iguana.
The iguana is moderately wounded.
You hit the iguana. The iguana bites you.
The iguana bites you but does no damage.
You slash the iguana!
The iguana is almost dead.
You hit the iguana. The iguana barely misses you. The iguana misses you.
You completely miss the iguana.
The iguana is almost dead.
You hit the iguana but do no damage. The iguana bites you! x2
You completely miss the iguana.
The iguana is almost dead.
You hit the iguana but do no damage.
The iguana bites you but does no damage.
The iguana closely misses you.
You hit the iguana but do no damage.
The iguana is almost dead.
You hit the iguana but do no damage. The iguana bites you.
The iguana bites you!
* * * LOW HITPOINT WARNING * * *
You hit the iguana.
The iguana is almost dead.
You hit the iguana. The iguana bites you!
You die...

....≈≈≈≈≈≈.#
......≈≈>⌠≈≈.## ####
.....?≈≈._≈≈..# #..
....>.≈≈≈≈≈≈..# P.P..
...$..≈≈≈≈≈≈..#
####.##.
...>[........###P#...#P
#...##.###.......>...
##..l......###P#...#P
#..@......# ##.##.
#...l.....#####P.P#.
#.................[.
#................##.
#...................
#########.#####...#.
##...........
##..#..###.##.
#####..###.###....


You could see 2 iguanas.

Vanquished Creatures
  A water moccasin (D:4)
  An ogre (D:4)
  A scorpion (D:4)
  A jelly (D:4)
  An iguana (D:4)
  Ijyb (D:4)
  4 adders
  A worm (D:4)
  3 dart slugs
  3 orcs
  4 endoplasms
  3 giant cockroaches
  5 goblins
  3 hobgoblins
  2 quokkas
  2 ball pythons (D:1)
  4 bats
  2 frilled lizards
  5 kobolds
  10 rats
57 creatures vanquished.

Notes
Turn   | Place    | Note
-------+----------+-------------------------------------------
     0 | D:1      | cheesebisquit the Hill Orc Monk began the quest for the
                  | Orb.
     0 | D:1      | Reached XP level 1. HP: 19/19 MP: 1/1
   261 | D:1      | Reached XP level 2. HP: 21/27 MP: 2/2
   507 | D:1      | Reached skill level 1 in Armour
   591 | D:1      | Reached XP level 3. HP: 28/33 MP: 3/3
  1272 | D:2      | Reached skill level 5 in Axes
  1801 | D:3      | Found a radiant altar of Vehumet.
  1896 | D:3      | Reached XP level 4. HP: 38/40 MP: 4/4
  2304 | D:3      | Found an ornate altar of the Wu Jian Council.
  2369 | D:3      | Paralysed by an orc for 3 turns
  2760 | D:4      | Noticed a scorpion
  2806 | D:4      | Killed a scorpion
  2807 | D:4      | Reached skill level 6 in Axes
  2807 | D:4      | Reached XP level 5. HP: 47/47 MP: 5/5
  3017 | D:4      | Noticed a water moccasin
  3035 | D:4      | Killed a water moccasin
  3036 | D:4      | Reached skill level 5 in Fighting
  3036 | D:4      | Reached skill level 7 in Axes
  3036 | D:4      | Reached XP level 6. HP: 55/56 MP: 6/6
  3245 | D:4      | Noticed Ijyb
  3269 | D:4      | Killed Ijyb
  3376 | D:4      | Found a staircase to the Ecumenical Temple.
  3382 | Temple   | Entered the Ecumenical Temple
  3403 | D:4      | Found a sacrificial altar of Ru.
  3417 | D:4      | Slain by an iguana

Illustrated notes

Levels and vault maps discovered:
D:1:      dpeg_arrival_more_subterranean_lakeside_camping, layout_basic,
          serial_co_window_serial, co_window_paths_a, co_window_paths_a,
          co_window_of_opportunity_a, co_window_paths_b, co_window_corner_a,
          co_window_cross_4, co_window_paths_c, co_window_of_opportunity_b,
          co_window_unsneaky_path_d, co_window_broadway_a, co_window_corner_cb,
          glass_columns_a, minmay_cupped
D:2:      layout_rooms, serial_curves, eino_curves_04, eino_curves_02
D:3:      layout_loops_ring, nzn_wu_jian_council_hall,
          nicolae_vehumet_altar_sigil
D:4:      layout_rooms, general_overflow_altar,
          minmay_temple_entry_gardened_gates, uniq_ijyb
Temple:   sentei_temple_godly_chess

Skill      XL: |  1  2  3  4  5 |
---------------+----------------+-----
Armour         | 1 2 3 |  3.4
Fighting       | 4 5 |  5.4
Axes           | 5 6 7 |  7.6
Dodging        | |  2.4

Action                     |  1- 3 |  4- 6 || total
---------------------------+-------+-------++-------
  Melee: Hand axe          |    97 |    65 ||   162
         Unarmed           |       |    10 ||    10
  Throw: Dart              |       |    17 ||    17
         Boomerang         |       |    15 ||    15
    Use: Scroll            |       |     8 ||     8
         Potion            |       |     5 ||     5
 Armour: Robe              |    17 |       ||    17
         Ring mail         |     7 |     3 ||    10
         Leather armour    |     1 |       ||     1
         Chain mail        |       |    23 ||    23
         Skin              |       |    18 ||    18
  Dodge: Dodged            |    41 |    28 ||    69
